AoeStats
← 玉面狐狸

Arena

508098436Analyzed
1v1 RM · 10d ago on Sep 20, 2026· 27m 28s· 2 players
Game mode
Random Map
Map size
Tiny (2 player)
Population
200
Speed
Normal
Resources
Standard
Victory
Conquest
Starting age
Dark Age
Ending age
Imperial Age
RankedLock teamsTeams togetherTeam positionsShared explorationLock speedFull tech treeHidden civsTurbo modeCheats
Victory
Defeat
984
+17
🇨🇳 Japanese · China
1002
-37
Γιάννης Αντετοκο
10:45 Feudal Age
14:33 Castle Age
12:26 Double-Bit Axe
15:25 Horse Collar
17:35 Bow Saw
19:58 Fervor
20:10 Sanctity
21:10 Loom
21:12 Town Watch
21:54 Heavy Plow
22:50 Gold Mining
24:38 Fletching
25:42 Bodkin Arrow
26:23 Crossbowman
玉面狐狸
10:16 Feudal Age
8:59 Loom
10:44 Feudal Age
14:33 Castle Age
13:31 Double-Bit Axe
13:30 Horse Collar
14:29 Loom
15:37 Gold Mining
16:31 Bow Saw
17:22 Scale Mail Armor
18:23 Chain Mail Armor
20:04 Arson
21:02 Forging
25:30 Iron Casting
26:28 Gambesons
Connection lost

Rejoining the realm…

Still unreachable

The connection could not be restored.

Session expired

The server has moved on; the page needs a fresh start.